 Dungeon Crawl Stone Soup version 0.27-a0-1557-g57f10a385c (webtiles) character file.

Game seed: 9069691184155650465

89 Sin92 the Skirmisher (level 4, -1/32 HPs)
             Began as a Demonspawn Fighter on July 15, 2021.
             Frozen to death by an endoplasm (2 damage)
             ... on level 3 of the Dungeon.
             The game lasted 00:01:44 (1813 turns).

Sin92 the Skirmisher (Demonspawn Fighter)           Turns: 1813, Time: 00:01:45

Health: -1/32      AC: 12    Str: 17    XL:     4   Next: 31%
Magic:  4/4        EV:  5    Int:  9    God:
Gold:   47         SH:  0    Dex: 13    Spells: 3/3 levels left

rFire    . . .     SeeInvis .   a - +0 long sword
rCold    . . .     Faith    .   c - +0 kite shield
rNeg     . . .     Spirit   .   f - +0 chain mail
rPois    .         Reflect  .   e - +0 helmet
rElec    .         Harm     .   h - +0 cloak
rCorr    .         Rampage  .   (no gloves)
Will     .....                  (no boots)
Stlth    ..........             (no amulet)
HPRegen  0.10/turn              (no ring)
MPRegen  0.09/turn              (no ring)

@: confused
A: rugged brown scales 1, foul stench 1, frail 1
a: no special abilities


You were on level 3 of the Dungeon.
You visited 1 branch of the dungeon, and saw 3 of its levels.

You collected 47 gold pieces.

Inventory:

Hand Weapons
 a - a +0 long sword (weapon)
Armour
 b - a +0 scale mail
 c - a +0 kite shield (worn)
 e - a +0 helmet (worn)
 f - a +0 chain mail (worn)
 h - a +0 cloak (worn)
Jewellery
 i - a +6 ring of intelligence
Wands
 d - a wand of flame (14)
Potions
 g - a potion of curing


   Skills:
 + Level 3.5 Fighting
 + Level 2.4 Long Blades
 + Level 3.2 Armour
 + Level 1.3 Dodging
 + Level 3.2 Shields


You had 3 spell levels left.
You didn't know any spells.
Your spell library contained the following spells:

 Spells                   Type           Power      Damage    Failure   Level
 Ozocubu's Armour         Ice            0%         N/A       100%        3
 Ozocubu's Refrigeration  Ice            0%         4d5       100%        7


Dungeon Overview and Level Annotations

Branches:
Dungeon (3/15)

Altars:


Innate Abilities, Weirdness & Mutations

You are partially covered in rugged brown scales. (AC +1, +3% HP)
You may rarely emit foul miasma when damaged in melee.
You are frail. (-10% HP)


Message History

The adder hisses angrily.
An orc comes into view. It is wielding a +0 mace.
Items here: $ ) [ †.
The white imp gestures at you. The puff of frost hits you.
An endoplasm comes into view.
The endoplasm quivers.
A rat comes into view.
You hear some strange, mumbled words.
Something tries to affect you, but you resist.
The endoplasm hits you but does no damage.
You closely miss something. Something hits you but does no damage.
The endoplasm hits you but does no damage.
You block the adder's attack. Something hits you but does no damage.
You barely miss something. The adder bites you but does no damage.
The endoplasm hits you but does no damage.
Something hits you but does no damage. The adder bites you but does no damage.
The endoplasm freezes you.
You are frozen.
You hit something. You block the adder's attack.
Something hits you but does no damage. The endoplasm hits you.
The rat bites you but does no damage. You block the adder's attack.
Something hits you but does no damage.
You barely miss something. The adder bites you but does no damage.
The endoplasm freezes you.
You are frozen.
* * * LOW HITPOINT WARNING * * *
The rat bites you but does no damage. Something hits you.
* * * LOW HITPOINT WARNING * * *
The adder bites you but does no damage. The endoplasm freezes you.
You are frozen.
* * * LOW HITPOINT WARNING * * *
You block the rat's attack.
You hit something but do no damage. The adder barely misses you.
You hear some strange, mumbled words.
You are confused.
The endoplasm freezes you.
You are frozen.
You die...

#.. #.#.# ###... ##.#.
.....#####...
#..##...##.###
#.†#.###.#.... #.†.##
##..### #..†# #.....
###########...##
#.....
.......@S5..#..#
.#.###
######Jr#.#.).#...##.#
....##.##.###.###.#
..#.#. ###..# #.# #.#
#.## #..# # # #.# #
#.5S ##o. ...# o#.#


You could see an adder, a white imp, an endoplasm and a rat.

Vanquished Creatures
  Ijyb (D:3)
  A gnoll (D:1)
  3 adders
  An orc (D:3)
  5 endoplasms (D:1)
  A giant cockroach (D:2)
  2 goblins (D:1)
  3 hobgoblins (D:1)
  A ball python (D:3)
  5 bats
  A frilled lizard (D:1)
  2 kobolds
  2 rats
28 creatures vanquished.

Notes
Turn   | Place    | Note
-------+----------+-------------------------------------------
     0 | D:1      | Sin92 the Demonspawn Fighter began the quest for the Orb.
     0 | D:1      | Reached XP level 1. HP: 18/18 MP: 1/1
   229 | D:1      | Gained mutation: You may rarely emit foul miasma when
                  | damaged in melee. [demonic ancestry]
   229 | D:1      | Reached XP level 2. HP: 16/24 MP: 2/2
   698 | D:1      | Found a faded altar of an unknown god.
  1079 | D:1      | Gained mutation: You are frail. (-10% HP) [potion of
                  | mutation]
  1113 | D:2      | Reached XP level 3. HP: 25/26 MP: 3/3
  1134 | D:2      | Reached skill level 1 in Dodging
  1456 | D:3      | Noticed Ijyb
  1474 | D:3      | Killed Ijyb
  1475 | D:3      | Gained mutation: You are partially covered in rugged brown
                  | scales. (AC +1, +3% HP) [demonic ancestry]
  1475 | D:3      | Reached XP level 4. HP: 13/32 MP: 4/4
  1812 | D:3      | HP: 1/32 [frozen (4)]
  1813 | D:3      | Frozen to death by an endoplasm

Illustrated notes

Levels and vault maps discovered:
D:1:      scummos_arrival_hexagon, layout_loops_cross,
          ebering_ecumenical_altar_rust
D:2:      layout_basic
D:3:      layout_loops_ring, minmay_between, uniq_ijyb

Skill      XL: |  1  2  3 |
---------------+----------+-----
Long Blades    | 2 |  2.4
Armour         | 3 |  3.2
Shields        | 3 |  3.2
Dodging        | 1 |  1.3
Fighting       | |  3.5

Action                   |  1- 3 |  4- 6 || total
-------------------------+-------+-------++-------
Melee: Long sword        |    86 |    22 ||   108
  Use: Scroll            |     4 |     1 ||     5
       Potion            |     3 |       ||     3
Armor: Scale mail        |    40 |       ||    40
       Chain mail        |       |    36 ||    36
Dodge: Dodged            |    24 |     8 ||    32
Block: Kite shield       |    41 |    18 ||    59
       Rpst.: Long sword |     9 |     2 ||    11

Table legend: (Time is in decaauts)
 A = Elapsed time spent in this place.
 B = Non-inter-level travel time spent in this place.
 C = Inter-level travel time spent in this place.
 D = Time resting spent in this place.
 E = Time spent auto-exploring this place.
 F = Levels seen in this place.
 G = Mean time per level.
                   A        B        C        D        E       F      G
               +--------+--------+--------+--------+--------+-----+--------+
         Total |   1869 |   1824 |     45 |    182 |   1344 |   3 |  623.0 |
       Dungeon |   1869 |   1824 |     45 |    182 |   1344 |   3 |  623.0 |
               +--------+--------+--------+--------+--------+-----+--------+

Top non-repeatable levels by time:
     D:1: 1134 daAuts
     D:3: 378 daAuts
     D:2: 356 daAuts
